 Dungeon Crawl Stone Soup version 0.27.0-65-ge2af304b15 (webtiles) character file.

Game seed: 997651961609770957

142 jamesdean20 the Ruffian (level 5, -4/53 HPs)
             Began as a Troll Berserker on Aug 19, 2021.
             Was a Believer of Trog.
             Slain by a gnoll (5 damage)
             ... on level 4 of the Dungeon.
             The game lasted 00:10:05 (1632 turns).

jamesdean20 the Ruffian (Troll Berserker)           Turns: 1632, Time: 00:10:05

Health: -4/53      AC:  4    Str: 26    XL:     5   Next: 4%
Magic:  4/4        EV: 10    Int:  3    God:    Trog [**....]
Gold:   172        SH:  0    Dex:  9    Spells: 4/4 levels left

rFire    . . .     SeeInvis +     - Unarmed
rCold    . . .     Faith    .   (no shield)
rNeg     . . .     Spirit   .   a - +0 animal skin
rPois    .         Reflect  .   (helmet restricted)
rElec    .         Harm     .   (no cloak)
rCorr    .         Rampage  .   (gloves unavailable)
Will     .....                  (boots unavailable)
Stlth    +.........             (no amulet)
HPRegen  1.17/turn              f - ring of see invisible
MPRegen  0.09/turn              (no ring)

@: on berserk cooldown, slowed, very slow
A: large, unfitting armour, claws 3, regeneration 1, shaggy fur 1, tough skin 1
a: Renounce Religion, Berserk, Trog's Hand


You were on level 4 of the Dungeon.
You worshipped Trog.
Trog was pleased with you.
You visited 1 branch of the dungeon, and saw 4 of its levels.

You collected 172 gold pieces.

Inventory:

Hand Weapons
 h - a +0 falchion of holy wrath
Armour
 a - a +0 animal skin (worn)
Jewellery
 f - a ring of see invisible (left claw)
Scrolls
 b - a scroll of enchant weapon {unknown}
 c - 4 scrolls of identify {unknown}
 d - 3 scrolls of fog {unknown}
 g - a scroll of fear {unknown}
 i - a scroll of teleportation {unknown}
Potions
 e - 2 potions of curing {unknown}
 j - a potion of resistance {unknown}


   Skills:
 + Level 3.1 Fighting
 + Level 3.0 Dodging
 + Level 4.7 Unarmed Combat


You had 4 spell levels left.
You didn't know any spells.
Your spell library was empty.

Dungeon Overview and Level Annotations

Branches:
Dungeon (4/15)
 Temple: D:4-7

Altars:
Fedhas

Shops:
D:3 *


Innate Abilities, Weirdness & Mutations

You are too large for most types of armour.
You have claws for hands.
Your natural rate of healing is unusually fast.
You are covered in fur. (AC +1)
You have tough skin. (AC +1)


Message History

A gnoll comes into view. It is wielding a +0 spear.
The gnoll barely misses you.
You closely miss the gnoll. The gnoll hits you with a +0 flail.
You claw the gnoll!
The gnoll is severely wounded.
The gnoll barely misses you.
You barely miss the gnoll.
The gnoll is severely wounded.
Your skin stops crawling.
You feel less strong-willed.
You barely miss the gnoll.
The gnoll is severely wounded.
The gnoll hits you from afar with a +0 spear.
The gnoll closely misses you.
You claw the gnoll!
You kill the gnoll!
Trog accepts your kill.
You closely miss the gnoll. You claw the gnoll.
The gnoll is heavily wounded.
The gnoll barely misses you. The gnoll hits you with a +0 flail!
You mangle the gnoll!!
You kill the gnoll!
Trog accepts your kill. The gnoll hits you but does no damage.
You have reached level 5!
You are no longer berserk.
You are exhausted.
You feel yourself slow down. The gnoll hits you with a +0 spear.
Items here: ))) [ ††.
You closely miss the gnoll. The gnoll hits you with a +0 spear.
* * * LOW HITPOINT WARNING * * *
You scratch the gnoll but do no damage. The gnoll barely misses you.
You barely miss the gnoll. The gnoll hits you with a +0 spear!
* * * LOW HITPOINT WARNING * * *
The gnoll misses you.
You scratch the gnoll but do no damage. The gnoll hits you with a +0 spear.
* * * LOW HITPOINT WARNING * * *
You scratch the gnoll but do no damage. The gnoll hits you with a +0 spear.
* * * LOW HITPOINT WARNING * * *
The gnoll hits you with a +0 spear.
You die...

#g########
#gg.?....#...
#)g......
#@##.#... #.#
#.# #.####..#
#<.....).
#########


You could see a gnoll.

Vanquished Creatures
  A gnoll shaman (D:4)
  4 gnolls (D:4)
  2 adders (D:2)
  3 dart slugs
  3 bats
  9 endoplasms
  2 giant cockroaches
  6 goblins
  4 hobgoblins
  6 jackals
  2 kobolds (D:1)
  A ball python (D:1)
  4 frilled lizards
  4 rats
51 creatures vanquished.

Notes
Turn   | Place    | Note
-------+----------+-------------------------------------------
     0 | D:1      | jamesdean20 the Troll Berserker began the quest for the
                  | Orb.
     0 | D:1      | Reached XP level 1. HP: 22/22 MP: 0/0
    76 | D:1      | Reached XP level 2. HP: 25/29 MP: 1/1
   369 | D:1      | Reached XP level 3. HP: 36/36 MP: 2/2
   599 | D:2      | Reached ** piety under Trog
  1193 | D:3      | Found Fepsu's General Store.
  1199 | D:3      | Reached skill level 4 in Unarmed Combat
  1320 | D:3      | Reached XP level 4. HP: 45/45 MP: 3/3
  1397 | D:3      | Found a blossoming altar of Fedhas.
  1627 | D:4      | Reached XP level 5. HP: 31/53 MP: 4/4
  1632 | D:4      | HP: 1/53 [gnoll (6)]
  1632 | D:4      | Slain by a gnoll

Illustrated notes

Levels and vault maps discovered:
D:1:      ncdulo_smallfort, layout_rooms, minivault_25, hangedman_decor_growths,
          minmay_small_reverse_x
D:2:      layout_loops_ring
D:3:      layout_basic, fedhas_altar_1, serial_shops, shop,
          minmay_misc_feat_four_crosses
D:4:      cheibrodos_pilgrimage, layout_loops_cross,
          minmay_overflow_temple_star_quad

Skill      XL: |  1  2  3  4 |
---------------+-------------+-----
Fighting       | 3 |  3.1
Unarmed Combat | 4 |  4.7
Dodging        | 3 |  3.0

Action                   |  1- 3 |  4- 6 || total
-------------------------+-------+-------++-------
Melee: Unarmed           |    91 |    29 ||   120
       Punch             |     1 |     1 ||     2
Invok: Berserk           |       |     1 ||     1
       Trog's Hand       |       |     1 ||     1
Armor: Animal skin       |    28 |     2 ||    30
Dodge: Dodged            |    43 |    19 ||    62
